 Dungeon Crawl Stone Soup version 0.29.1-12-g30fa7ad0bf (webtiles) character file.

Game seed: 18329517646590327490

27 112233 the Ducker (level 2, -2/14 HPs)
             Began as a Felid Fighter on Dec 23, 2022.
             Slain by a worm (12 damage)
             ... on level 2 of the Dungeon.
             The game lasted 00:00:54 (1727 turns).

112233 the Ducker (Felid Fighter)                   Turns: 1727, Time: 00:00:55

Health: -2/14      AC:  1    Str:  9 (12) XL:     2   Next: 93%
Magic:  3/3        EV: 18    Int:  7 (9)  God:
Gold:   82         SH:  0    Dex: 13 (15) Spells: 1/1 levels left
                                        Lives:  0   Deaths: 0

rFire   . . .      SeeInvis +     - Unarmed
rCold   . . .      Faith    .   (shield unavailable)
rNeg    . . .      Spirit   .   (body armour unavailable)
rPois   .          Reflect  .   (helmet unavailable)
rElec   .          Harm     .   (cloak unavailable)
rCorr   .          Rampage  .   (gloves unavailable)
Will    .....                   (boots unavailable)
Stlth   +.........              (no amulet)
HPRegen 0.04/turn               (no ring)
MPRegen 0.08/turn               (no ring)

@: quick
A: very small, claws 1, fangs 3, see invisible, speed 1, shaggy fur 1, stealthy
paws, no weapons or thrown items, no armour, multi-lived
a: no special abilities


You were on level 2 of the Dungeon.
You visited 1 branch of the dungeon, and saw 2 of its levels.

You collected 82 gold pieces.

Inventory:

Jewellery
 i - a ring of fire
Scrolls
 b - a scroll of enchant weapon {unknown}
 c - a scroll of enchant armour {unknown}
 d - a scroll of blinking {unknown}
 e - a scroll of poison {unknown}
 f - 3 scrolls of butterflies {unknown}
 g - a scroll of teleportation {unknown}
 j - 2 scrolls of identify {unknown}
Potions
 a - a potion of might
 h - a potion of haste


   Skills:
 + Level 3.4 Fighting
 + Level 4.5 Dodging
 + Level 4.3 Unarmed Combat


You had one spell level left.
You didn't know any spells.
Your spell library contained the following spells:

 Spells                   Type           Power      Damage    Failure   Level
 Beastly Appendage        Tmut           0%         N/A       43%         1
 Summon Small Mammal      Summ           0%         N/A       43%         1
 Sublimation of Blood     Necr           0%         N/A       56%         2
 Wereblood                Tmut           0%         N/A       56%         2
 Call Canine Familiar     Summ           0%         N/A       80%         3
 Spider Form              Tmut/Pois      0%         N/A       80%         3
 Summon Guardian Golem    Hex/Summ       0%         N/A       80%         3
 Summon Hydra             Summ           0%         N/A       100%        7


Dungeon Overview and Level Annotations

Branches:
Dungeon (2/15)

Altars:

Shops:
D:2 *


Innate Abilities, Weirdness & Mutations

You have sharp claws.
You have razor-sharp teeth.
You have supernaturally acute eyesight. (SInv)
You cover ground quickly. (Speed+)
You are covered in fur. (AC +1)
Your paws help you pounce on unaware monsters.
You are incapable of wielding weapons or throwing items.
You cannot wear armour.
You gain extra lives every three experience levels.


Message History

You scratch the ball python.
The ball python is heavily wounded.
The ball python closely misses you. The ball python constricts you.
A ball python is nearby!
A ball python is nearby!
A ball python is nearby!
You barely miss the ball python.
The ball python is heavily wounded.
The ball python barely misses you. The ball python constricts you.
You barely miss the ball python. You bite the ball python.
You kill the ball python!
A worm comes into view.
A worm is nearby!
A worm is nearby!
A worm is nearby!
You barely miss the worm. You claw the worm.
The worm is moderately wounded.
The worm closely misses you.
You scratch the worm but do no damage. Your bite misses the worm.
The worm is lightly wounded.
You scratch the worm.
The worm is heavily wounded.
The worm closely misses you.
You barely miss the worm.
The worm is moderately wounded.
You scratch the worm but do no damage.
The worm is moderately wounded.
The worm misses you.
You scratch the worm.
The worm is heavily wounded.
You scratch the worm but do no damage.
The worm is heavily wounded.
The worm closely misses you.
You scratch the worm.
The worm is heavily wounded.
You barely miss the worm. Your bite misses the worm.
The worm is heavily wounded.
The worm bites you!
Ouch! That really hurt!
You die...

#.............
##.###.........
#..#?#.........
###...###.........
....#.............
....#.............
.........w.......
#...#.#.@.# #.#...#.#......
#.....#...#...###......
#.....#..#.....<.......
#..†..###...#..###.....
#..#...#†.#..#...........
#...#.#)..###...# #..#...
..#...#^..#...#..####.#...
....#..#..#?....#..........


You could see a worm.

Vanquished Creatures
  An adder (D:2)
  A dart slug (D:2)
  A ball python (D:2)
  A bat (D:1)
  An endoplasm (D:2)
  A hobgoblin (D:2)
  2 jackals (D:1)
  A quokka (D:2)
  A frilled lizard (D:1)
  3 kobolds
  2 rats (D:2)
15 creatures vanquished.

Notes
Turn   | Place    | Note
-------+----------+-------------------------------------------
     0 | D:1      | 112233 the Felid Fighter began the quest for the Orb.
     0 | D:1      | Reached XP level 1. HP: 10/10 MP: 2/2
   364 | D:1      | Found a faded altar of an unknown god.
  1077 | D:2      | Found Anaanev's Assorted Antiques.
  1189 | D:2      | Reached XP level 2. HP: 11/14 MP: 3/3
  1727 | D:2      | Slain by a worm

Illustrated notes

Levels and vault maps discovered:
D:1:      dpeg_arrival_shrine, layout_basic, ebering_ecumenical_altar_mist
D:2:      layout_basic, serial_corexii_hall, corexii_hall_statues_l,
          corexii_hall_statues_x, serial_shops, nicolae_shop_overgrown_old_shop,
          chequers_serial_rivers_micro_b, minmay_splitting_lines,
          item_on_display_a

Action                   || total
-------------------------++-------
Melee: Unarmed           ||    70
       Bite              ||     4
       Punch             ||     3
  Use: Potion            ||     4
Armor: Skin              ||     4
Dodge: Dodged            ||    64
